3434 views
Uploaded 2020-02-16 01:25:07
Game version 1.32 / 1.32.1
19:38 long 2on2 ladder game on (4)SynergyBigPaved
Saved by Grim
3434 views
Uploaded 2020-02-16 01:25:07
Game version 1.32 / 1.32.1
19:38 long 2on2 ladder game on (4)SynergyBigPaved


58 units @ 10.6k
/ 1.6k
29 buildings @ 4.5k
/ 2k



| Rod of Necromancy | 3 | 450 |
| Orb of Corruption | 1 | 375 |
| Potion of Lesser Invulnerability | 1 | 150 |
| total: | 5 | 975g |
| Acolyte | 3 | 225 | / | 0 |
| Ghoul | 6 | 720 | / | 0 |
| Crypt Fiend | 13 | 2795 | / | 520 |
| Obsidian Statue | 5 | 1000 | / | 175 |
| Frost Wyrm | 2 | 770 | / | 240 |
| total: | 29 | 5510g | / | 935w |
| Crypt | 1 | 200 | / | 50 |
| Altar of Darkness | 1 | 180 | / | 50 |
| Ziggurat | 7 | 1050 | / | 350 |
| Graveyard | 1 | 215 | / | 0 |
| Tomb of Relics | 1 | 130 | / | 30 |
| Slaughterhouse | 1 | 140 | / | 135 |
| Sacrificial Pit | 1 | 75 | / | 150 |
| Boneyard | 1 | 175 | / | 200 |
| Halls of the Dead | 2 | 640 | / | 420 |
| Black Citadel | 2 | 650 | / | 460 |
| total: | 14 | 2165g | / | 965w |
| 0:06 | Crypt |
| 0:09 | Altar of Darkness |
| 0:11 | Acolyte |
| 0:12 | Acolyte |
| 0:34 | Ziggurat |
| 0:58 | Graveyard |
| 1:15 | Tomb of Relics |
| 1:25 | Ghoul |
| 1:25 | Ghoul |
| 1:38 | Ghoul |
| 1:53 | Ziggurat |
| 2:22 | Rod of Necromancy |
| 2:22 | Death Coil |
| 2:29 | Crypt Fiend |
| 2:49 | Crypt Fiend |
| 3:24 | Halls of the Dead |
| 3:47 | Crypt Fiend |
| 4:03 | Ziggurat |
| 4:13 | Unholy Aura |
| 4:21 | Crypt Fiend |
| 4:28 | Ghoul |
| 4:28 | Ghoul |
| 4:33 | Rod of Necromancy |
| 4:45 | Ghoul |
| 5:53 | Slaughterhouse |
| 6:17 | Black Citadel |
| 6:19 | Burrow |
| 6:23 | Death Coil |
| 6:41 | Crypt Fiend |
| 6:44 | Ziggurat |
| 6:46 | Frost Armor |
| 6:55 | Rod of Necromancy |
| 7:55 | Obsidian Statue |
| 7:56 | Crypt Fiend |
| 7:58 | Cannibalize |
| 7:59 | Ziggurat |
| 8:38 | Orb of Corruption |
| 8:47 | Destroyer Form |
| 8:54 | Crypt Fiend |
| 9:42 | Potion of Lesser Invulnerability |
| 9:58 | Howl of Terror |
| 10:09 | Obsidian Statue |
| 10:52 | Ziggurat |
| 11:27 | Frost Nova |
| 11:45 | Death Pact |
| 12:33 | Cleaving Attack |
| 12:38 | Obsidian Statue |
| 12:54 | Crypt Fiend |
| 12:57 | Creature Attack |
| 12:59 | Ziggurat |
| 13:15 | Obsidian Statue |
| 13:24 | Crypt Fiend |
| 13:43 | Sacrificial Pit |
| 14:10 | Obsidian Statue |
| 14:13 | Crypt Fiend |
| 14:13 | Crypt Fiend |
| 14:54 | Improved Creature Attack |
| 14:55 | Acolyte |
| 15:37 | Boneyard |
| 16:26 | Frost Nova |
| 16:59 | Frost Wyrm |
| 17:15 | Frost Wyrm |
| 17:39 | Advanced Creature Attack |
| 18:21 | Howl of Terror |
| 18:33 | Crypt Fiend |
| 18:54 | Death Coil |
| 18:57 | Crypt Fiend |
| Right click | 1308 |
| Select group | 1149 |
| Assign group | 425 |
| Select | 303 |
| Build/train/purchase | 123 |
| Use ability | 56 |
| Minimap ping | 20 |
| Misc. action | 5 |
| Remove unit | 4 |
| Item give/drop | 1 |



| Healing Salve | 1 | 100 |
| total: | 1 | 100g |
| Peon | 7 | 525 | / | 0 |
| Grunt | 8 | 1600 | / | 0 |
| Kodo Beast | 1 | 255 | / | 60 |
| Tauren | 6 | 1680 | / | 480 |
| Shaman | 4 | 520 | / | 80 |
| Spirit Walker | 2 | 390 | / | 70 |
| Troll Witch Doctor | 1 | 145 | / | 25 |
| total: | 29 | 5115g | / | 715w |
| Altar of Storms | 1 | 180 | / | 50 |
| Orc Burrow | 7 | 1120 | / | 280 |
| Barracks | 1 | 180 | / | 50 |
| Voodoo Lounge | 1 | 130 | / | 30 |
| War Mill | 1 | 205 | / | 0 |
| Tauren Totem | 2 | 270 | / | 310 |
| Beastiary | 1 | 145 | / | 140 |
| Spirit Lodge | 1 | 150 | / | 150 |
| Stronghold | 1 | 315 | / | 190 |
| Fortress | 1 | 325 | / | 190 |
| total: | 15 | 2380g | / | 1010w |
| 0:05 | Peon |
| 0:05 | Peon |
| 0:18 | Altar of Storms |
| 0:24 | Peon |
| 0:30 | Orc Burrow |
| 0:41 | Barracks |
| 0:47 | Peon |
| 0:54 | Peon |
| 1:08 | Peon |
| 1:25 | Peon |
| 1:38 | Orc Burrow |
| 1:45 | Grunt |
| 2:05 | Voodoo Lounge |
| 2:24 | Orc Burrow |
| 2:31 | Wind Walk |
| 2:35 | Grunt |
| 2:59 | War Mill |
| 3:22 | Healing Salve |
| 3:36 | Grunt |
| 3:58 | Stronghold |
| 4:17 | Critical Strike |
| 4:21 | Grunt |
| 4:33 | Orc Burrow |
| 4:43 | Steel Melee Weapons |
| 5:15 | Grunt |
| 5:19 | Steel Armor |
| 5:39 | Orc Burrow |
| 5:53 | Grunt |
| 6:23 | Wind Walk |
| 6:31 | Berserker Strength |
| 6:37 | Tauren Totem |
| 7:20 | Orc Burrow |
| 7:21 | Grunt |
| 7:45 | Beastiary |
| 7:50 | Hex |
| 8:22 | Fortress |
| 8:28 | Spirit Lodge |
| 8:31 | Spirit Walker Adept Training |
| 8:58 | Kodo Beast |
| 9:50 | Shaman Adept Training |
| 10:03 | Tauren Totem |
| 10:14 | Orc Burrow |
| 11:26 | Grunt |
| 11:27 | Tauren |
| 11:30 | Tauren |
| 11:53 | Healing Wave |
| 12:04 | Critical Strike |
| 13:25 | Tauren |
| 13:27 | Spirit Walker Master Training |
| 13:30 | Shaman Master Training |
| 13:56 | Summon Lava Spawn |
| 14:31 | Tauren |
| 14:33 | Pulverize |
| 14:34 | Shaman |
| 14:35 | Shaman |
| 14:53 | Tauren |
| 15:27 | Spirit Walker |
| 15:29 | Tauren |
| 15:42 | Thorium Melee Weapons |
| 15:50 | Shaman |
| 15:59 | Spirit Walker |
| 16:35 | War Drums Damage Increase |
| 16:38 | Shaman |
| 16:40 | Troll Witch Doctor |
| 17:13 | Witch Doctor Adept Training |
| 17:34 | Thorium Armor |
| 18:17 | Healing Wave |
| 18:34 | Incinerate |
| 18:45 | Wind Walk |
| 19:13 | Hex |
| 19:37 | Summon Lava Spawn |
| Right click | 943 |
| Select | 291 |
| Select group | 180 |
| Build/train/purchase | 83 |
| Assign group | 24 |
| Use ability | 12 |
| Item give/drop | 1 |
| Remove unit | 1 |
80 units @ 12.2k
/ 1.6k
39 buildings @ 4.6k
/ 1.8k


| Healing Salve | 3 | 300 |
| Potion of Healing | 3 | 450 |
| Orb of Lightning | 1 | 375 |
| total: | 7 | 1125g |
| Peon | 7 | 525 | / | 0 |
| Grunt | 3 | 600 | / | 0 |
| Troll Headhunter | 11 | 1540 | / | 220 |
| Troll Berserker | 12 | 1680 | / | 240 |
| Tauren | 5 | 1400 | / | 400 |
| total: | 38 | 5745g | / | 860w |
| Watch Tower | 5 | 550 | / | 400 |
| Altar of Storms | 1 | 180 | / | 50 |
| Orc Burrow | 6 | 960 | / | 240 |
| Barracks | 1 | 180 | / | 50 |
| War Mill | 1 | 205 | / | 0 |
| Voodoo Lounge | 1 | 130 | / | 30 |
| Tauren Totem | 1 | 135 | / | 155 |
| Stronghold | 1 | 315 | / | 190 |
| Fortress | 1 | 325 | / | 190 |
| total: | 16 | 2340g | / | 925w |
| 0:04 | Altar of Storms |
| 0:08 | Peon |
| 0:08 | Peon |
| 0:11 | Orc Burrow |
| 0:38 | Barracks |
| 0:47 | Peon |
| 1:00 | Peon |
| 1:12 | Peon |
| 1:28 | Peon |
| 1:37 | Orc Burrow |
| 1:56 | Grunt |
| 2:07 | Feral Spirit |
| 2:09 | Peon |
| 2:32 | Grunt |
| 2:59 | War Mill |
| 3:08 | Grunt |
| 3:23 | Voodoo Lounge |
| 3:33 | Orc Burrow |
| 4:19 | Troll Headhunter |
| 4:21 | Steel Ranged Weapons |
| 4:26 | Chain Lighting |
| 4:33 | Stronghold |
| 4:54 | Troll Headhunter |
| 5:01 | Healing Salve |
| 5:10 | Troll Headhunter |
| 5:31 | Troll Headhunter |
| 5:37 | Orc Burrow |
| 5:56 | Troll Headhunter |
| 6:29 | Feral Spirit |
| 6:41 | Troll Headhunter |
| 6:59 | Troll Regeneration |
| 7:26 | Thorium Ranged Weapons |
| 7:28 | Troll Headhunter |
| 7:56 | Potion of Healing |
| 7:56 | Healing Salve |
| 8:03 | Healing Wave |
| 8:09 | Fortress |
| 8:37 | Troll Headhunter |
| 8:46 | Orc Burrow |
| 9:21 | Troll Headhunter |
| 9:33 | Hex |
| 9:59 | Watch Tower |
| 10:02 | Troll Headhunter |
| 10:22 | Troll Headhunter |
| 10:36 | Berserker Upgrade |
| 11:05 | Chain Lighting |
| 11:30 | Healing Wave |
| 12:05 | Troll Berserker |
| 12:05 | Troll Berserker |
| 12:05 | Troll Berserker |
| 12:05 | Troll Berserker |
| 13:03 | Healing Salve |
| 13:04 | Potion of Healing |
| 13:10 | Troll Berserker |
| 13:26 | Tauren Totem |
| 13:49 | Troll Berserker |
| 14:16 | Troll Berserker |
| 14:17 | Troll Berserker |
| 14:24 | Watch Tower |
| 14:40 | Troll Berserker |
| 14:42 | Tauren |
| 14:52 | Orc Burrow |
| 15:17 | Watch Tower |
| 15:22 | Potion of Healing |
| 15:23 | Orb of Lightning |
| 15:35 | Tauren |
| 15:46 | Steel Armor |
| 16:08 | Tauren |
| 16:37 | Watch Tower |
| 17:03 | Tauren |
| 17:59 | Watch Tower |
| 18:52 | Troll Berserker |
| 18:52 | Troll Berserker |
| 18:53 | Troll Berserker |
| 18:54 | Tauren |
| 19:01 | Chain Lighting |
| Right click | 386 |
| Select group | 274 |
| Select | 230 |
| Build/train/purchase | 77 |
| Use ability | 26 |
| Assign group | 24 |
| Misc. action | 5 |
| Minimap ping | 3 |
| Remove unit | 1 |


| Peasant | 12 | 900 | / | 0 |
| Rifleman | 21 | 4305 | / | 630 |
| Sorceress | 3 | 465 | / | 60 |
| Priest | 6 | 810 | / | 60 |
| total: | 42 | 6480g | / | 750w |
| Scout Tower | 4 | 120 | / | 80 |
| Arcane Tower | 2 | 140 | / | 100 |
| Guard Tower | 1 | 70 | / | 50 |
| Blacksmith | 1 | 140 | / | 60 |
| Altar of Kings | 1 | 180 | / | 50 |
| Barracks | 1 | 160 | / | 60 |
| Farm | 13 | 1040 | / | 260 |
| Lumber Mill | 1 | 120 | / | 0 |
| Town Hall | 1 | 385 | / | 205 |
| Arcane Sanctum | 1 | 150 | / | 140 |
| Keep | 1 | 320 | / | 210 |
| Castle | 1 | 360 | / | 210 |
| total: | 23 | 2295g | / | 855w |
| 0:06 | Peasant |
| 0:06 | Peasant |
| 0:27 | Peasant |
| 0:45 | Peasant |
| 0:45 | Peasant |
| 0:51 | Blacksmith |
| 0:55 | Altar of Kings |
| 0:59 | Barracks |
| 1:05 | Peasant |
| 1:08 | Farm |
| 1:25 | Farm |
| 1:30 | Peasant |
| 1:57 | Peasant |
| 2:07 | Scout Tower |
| 2:14 | Rifleman |
| 2:22 | Farm |
| 2:33 | Scout Tower |
| 2:37 | Rifleman |
| 3:08 | Rifleman |
| 3:10 | Arcane Tower |
| 3:14 | Farm |
| 3:23 | Holy Light |
| 3:32 | Black Gunpowder |
| 3:37 | Rifleman |
| 3:54 | Farm |
| 4:05 | Rifleman |
| 4:09 | Peasant |
| 4:38 | Rifleman |
| 4:42 | Farm |
| 4:44 | Divine Shield |
| 5:01 | Keep |
| 5:36 | Farm |
| 5:39 | Studded Leather Armor |
| 5:41 | Rifleman |
| 6:03 | Rifleman |
| 6:29 | Rifleman |
| 6:34 | Divine Shield |
| 6:40 | Farm |
| 6:47 | Lumber Mill |
| 7:25 | Arcane Sanctum |
| 7:33 | Long Rifles |
| 7:36 | Peasant |
| 7:36 | Peasant |
| 7:57 | Refined Gunpowder |
| 8:00 | Rifleman |
| 8:32 | Rifleman |
| 8:42 | Sorceress |
| 8:46 | Farm |
| 9:06 | Priest |
| 9:37 | Priest |
| 9:46 | Rifleman |
| 9:49 | Farm |
| 9:51 | Peasant |
| 10:13 | Priest Adept Training |
| 11:06 | Holy Light |
| 12:21 | Rifleman |
| 12:21 | Priest |
| 12:25 | Summon Water Elemental |
| 12:48 | Town Hall |
| 13:09 | Reinforced Leather Armor |
| 13:11 | Rifleman |
| 13:31 | Sorceress |
| 13:40 | Rifleman |
| 14:05 | Priest |
| 14:34 | Rifleman |
| 14:47 | Scout Tower |
| 15:07 | Rifleman |
| 15:21 | Arcane Tower |
| 15:31 | Scout Tower |
| 15:35 | Sorceress |
| 15:58 | Rifleman |
| 16:20 | Farm |
| 16:21 | Guard Tower |
| 16:33 | Rifleman |
| 16:34 | Priest |
| 16:37 | Castle |
| 17:00 | Farm |
| 17:04 | Priest |
| 17:41 | Farm |
| 17:44 | Rifleman |
| 18:39 | Rifleman |
| Right click | 271 |
| Select | 190 |
| Select group | 153 |
| Build/train/purchase | 71 |
| Assign group | 13 |
| Minimap ping | 11 |
| Use ability | 10 |
| Chat | 4 |
| Item give/drop | 1 |